 Dungeon Sprint DCSS version 0.28.0-45-g0d030f2227 (webtiles) character file.

Game seed: 4581328264300514586

4400000 smarlow the Archmage (level 22, -82/194 HPs)
             Began as a Djinni Warper on Apr 13, 2022.
             Was the Champion of Makhleb.
             Annihilated by a destroyer
             ... wielding a +9 vorpal great sword
              (141 damage)
             ... in the Dungeon (Sprint VIII: "Arena of Blood").
             The game lasted 00:02:11 (44 turns).

smarlow the Archmage (Djinni Warper)                  Turns: 44, Time: 00:02:11

Health: -82/194    AC:  6    Str: 10    XL:     22   Next: 13%
Gold:   0          EV: 33    Int: 17    God:    Makhleb [******] SH:  0 Dex: 22

rFire   + + .      SeeInvis .   i - +∞ Axe of Woe
rCold   x . .      Faith    .   (shield currently unavailable)
rNeg    . . .      Spirit   .   b - +0 leather armour
rPois   ∞          Reflect  .   (no helmet)
rElec   .          Harm     .   (no cloak)
rCorr   .          Rampage  .   (no gloves)
Will    ++...      NoTele   +   (boots unavailable)
Stlth   ++++......              (no amulet)
HPRegen 0.42/turn               (no ring)
MPRegen 0.00/turn               (no ring)

@: flying, hasted (expiring), very quick
A: sickness immunity, fire resistance 2, cold vulnerability 1, float, innate
caster, HP casting, extra vitality 1
a: Renounce Religion, Minor Destruction, Lesser Servant of Makhleb, Major
Destruction, Greater Servant of Makhleb


You were in the Dungeon.
You worshipped Makhleb.
Makhleb was exalted by your worship.
You visited 1 branch

Inventory:

Hand Weapons
 a - a +0 hand axe
 i - the +∞ Axe of Woe (weapon)
   (You found it in the Dungeon)
Missiles
 d - 5 boomerangs of dispersal (quivered)
Armour
 b - a +0 leather armour (worn)
Scrolls
 c - 2 scrolls of blinking
Potions
 e - a potion of curing
 f - a potion of heal wounds
 h - a potion of berserk rage


   Skills:
 O Level 27 Fighting
 + Level 7.1(8.5) Short Blades
 + Level 7.1(8.5) Long Blades
 O Level 27 Axes
 + Level 6.5(19.4) Maces & Flails
 + Level 6.5(19.4) Polearms
 + Level 7.1(9.7) Staves
 + Level 6.5(19.0) Slings
 + Level 6.5 Bows
 + Level 6.5 Crossbows
 O Level 27 Throwing
 O Level 27 Armour
 O Level 27 Dodging
 + Level 7.1 Stealth
 + Level 7.3 Shields
 + Level 7.3 Unarmed Combat
 O Level 27 Spellcasting
 + Level 7.3 Invocations
 + Level 7.3 Evocations


You had 12 spell levels left.
You knew the following spells:

 Your Spells              Type           Power      Damage    Failure   Level
a - Blink                 Tloc           100%       N/A       0%          2
b - Lesser Beckoning      Tloc           86%        N/A       0%          3
c - Gell's Gravitas       Tloc           86%        N/A       0%          3
d - Teleport Other        Tloc           86%        N/A       0%          3
e - Manifold Assault      Tloc           86%        N/A       0%          5
f - Shock                 Conj/Air       100%       1d9       0%          1
g - Passwall              Tmut/Erth      71%        N/A       0%          2
h - Spider Form           Tmut/Pois      86%        N/A       0%          3
i - Fulminant Prism       Conj/Hex       43%        3d20      0%          4
j - Yara's Violent Unrav  Hex/Tmut       43%        3d17      0%          5
k - Silence               Hex/Air        43%        N/A       0%          5
l - Eringya's Noxious Bo  Tmut/Pois      43%        N/A       0%          6
m - Summon Cactus Giant   Summ           43%        N/A       0%          6
n - Enfeeble              Hex            43%        N/A       1%          7
o - Disjunction           Tloc           43%        N/A       1%          8
Your spell library was empty.

Dungeon Overview and Level Annotations

Branches:
Dungeon (1/1)

Altars:
Makhleb

Annotations:
D The Servant


Innate Abilities, Weirdness & Mutations

You are immune to sickness and miasma.
You are immune to poison.
Your flesh is very heat resistant. (rF++)
You are vulnerable to cold. (rC-)
You float through the air rather than walking.
You learn spells naturally, not from books.
Your magical power is your life essence.
You have superior vitality. (+4 MHP)


Message History

You hear a shout! x2
The bag of meat is engulfed in blazing flames.
You hear a shout!
The destroyer points at you and mumbles some strange words.
The destroyer blinks!
Your base Short Blades skill gained 7 levels and is now at level 7!
Your base Long Blades skill gained 7 levels and is now at level 7!
Your base Maces & Flails skill gained 6 levels and is now at level 6!
Your base Polearms skill gained 6 levels and is now at level 6!
Your base Staves skill gained 7 levels and is now at level 7!
Your base Slings skill gained 6 levels and is now at level 6!
Your Bows skill gained 6 levels and is now at level 6!
Your Crossbows skill gained 6 levels and is now at level 6!
Your Stealth skill gained 7 levels and is now at level 7!
Your Shields skill gained 7 levels and is now at level 7!
Your Unarmed Combat skill gained 7 levels and is now at level 7!
Your Invocations skill gained 7 levels and is now at level 7!
Your Evocations skill gained 7 levels and is now at level 7!
You have reached level 22!
A destroyer comes into view. It is wielding a +9 vorpal great sword.
The meat berserker is engulfed in blazing flames.
You hear a shout! x2
The meat berserker is engulfed in blazing flames.
You hear a shout!
The bag of meat is engulfed in blazing flames.
The Servant hits you from afar with a +9 glaive of flaming!!!!
Ouch! That really hurt!
The Servant burns you!
The bag of meat is engulfed in blazing flames.
You hear a shout!
The large bag of meat is engulfed in blazing flames.
The destroyer moves out of view.
Things that are here:
a +9 great sword; a +250 ring of slaying You hear a shout!
The meat berserker rages.
You hear a shout!
The destroyer hits you with a +9 vorpal great sword!!!!
Ouch! That really hurt!
You die...

###############
####.O.)O)@V......
####§)OO).).)..§.....
####oo.o§§...O##@##.####
#....o..))..o...... ..
......V####Oo...##.# ...
.o.ooo#.oOOo...V..... ..
..o.o..#o)oooo....#.#...
...o..o#ooo○....V.V....
.o###.o.#.°○..........o


You could see The Servant, 2 destroyers, a large bag of meat (inner flame), 7
meat berserkers and a bag of meat.

Vanquished Creatures
  10 ogres (D)
  3 two-headed ogres (D)
  26 orcs (D)
  A skeletal warrior (D)
40 creatures vanquished.

Notes
Turn   | Place    | Note
-------+----------+-------------------------------------------
     0 | D        | Found the +∞ Axe of Woe
     0 | D        | smarlow the Djinni Warper began the quest for the Orb.
     0 | D        | Reached XP level 1. HP: 18/18 MP: 0/0
     1 | D        | Noticed a bag of meat
     3 | D        | Became a worshipper of Makhleb the Destroyer
     3 | D        | Noticed a meat berserker
     4 | D        | Noticed a bag of meat
     5 | D        | Noticed a bag of meat
     5 | D        | Noticed a bag of meat
     5 | D        | Noticed a bag of meat
     6 | D        | Noticed a bag of meat
     6 | D        | Noticed a bag of meat
     7 | D        | Noticed a bag of meat
     7 | D        | Noticed a bag of meat
     7 | D        | Noticed a bag of meat
     7 | D        | Noticed a bag of meat
     7 | D        | Noticed a meat berserker
     7 | D        | Noticed a bag of meat
     7 | D        | Noticed a bag of meat
     8 | D        | Noticed a large bag of meat
     8 | D        | Noticed a meat berserker
     9 | D        | Killed a bag of meat
     9 | D        | Noticed a meat berserker
     9 | D        | Noticed a meat berserker
     9 | D        | Noticed a bag of meat
    10 | D        | Reached skill level 10 in Dodging
    10 | D        | Reached skill level 15 in Spellcasting
    10 | D        | Reached XP level 2. HP: 34/34 MP: 0/0
    10 | D        | Reached XP level 3. HP: 40/40 MP: 0/0
    10 | D        | Learned a level 1 spell: Shock
    10 | D        | Reached XP level 4. HP: 45/45 MP: 0/0
    10 | D        | Reached XP level 5. HP: 50/50 MP: 0/0
    10 | D        | Learned a level 2 spell: Passwall
    10 | D        | Reached XP level 6. HP: 57/57 MP: 0/0
    10 | D        | Reached XP level 7. HP: 61/61 MP: 0/0
    10 | D        | Learned a level 3 spell: Spider Form
    10 | D        | Reached XP level 8. HP: 67/67 MP: 0/0
    10 | D        | Reached XP level 9. HP: 73/73 MP: 0/0
    10 | D        | Learned a level 4 spell: Fulminant Prism
    10 | D        | Reached XP level 10. HP: 78/78 MP: 0/0
    10 | D        | Reached XP level 11. HP: 84/84 MP: 0/0
    10 | D        | Learned a level 5 spell: Yara's Violent Unravelling
    10 | D        | Killed a bag of meat
    10 | D        | Reached * piety under Makhleb
    10 | D        | Killed a meat berserker
    10 | D        | Noticed a meat berserker
    10 | D        | Noticed a bag of meat
    10 | D        | Noticed a meat berserker
    10 | D        | Noticed a bag of meat
    11 | D        | Reached XP level 12. HP: 96/96 MP: 0/0
    11 | D        | Reached XP level 13. HP: 102/102 MP: 0/0
    11 | D        | Learned a level 5 spell: Silence
    11 | D        | Killed a bag of meat
    11 | D        | Killed a bag of meat
    11 | D        | Reached ** piety under Makhleb
    11 | D        | Noticed a meat berserker
    11 | D        | Noticed a bag of meat
    11 | D        | Noticed a bag of meat
    12 | D        | Reached XP level 14. HP: 70/110 MP: 0/0
    12 | D        | Killed a meat berserker
    13 | D        | Reached skill level 15 in Dodging
    13 | D        | Reached XP level 15. HP: 117/117 MP: 0/0
    13 | D        | Learned a level 6 spell: Eringya's Noxious Bog
    13 | D        | Killed a meat berserker
    13 | D        | Reached *** piety under Makhleb
    14 | D        | Reached XP level 16. HP: 128/128 MP: 0/0
    14 | D        | Killed a meat berserker
    14 | D        | Reached **** piety under Makhleb
    15 | D        | Reached skill level 5 in Throwing
    15 | D        | Reached skill level 5 in Armour
    15 | D        | Reached skill level 27 in Spellcasting
    15 | D        | Reached XP level 17. HP: 139/139 MP: 0/0
    15 | D        | Learned a level 6 spell: Summon Cactus Giant
    15 | D        | Killed a meat berserker
    15 | D        | Reached ***** piety under Makhleb
    16 | D        | Killed a large bag of meat
    16 | D        | Killed a meat berserker
    17 | D        | Reached XP level 18. HP: 145/157 MP: 0/0
    17 | D        | Killed a meat berserker
    18 | D        | Reached skill level 27 in Axes
    18 | D        | Noticed a large bag of meat
    18 | D        | Noticed a meat berserker
    18 | D        | Noticed a meat berserker
    18 | D        | Noticed a meat berserker
    18 | D        | Noticed a meat berserker
    20 | D        | Noticed a meat berserker
    22 | D        | Reached ****** piety under Makhleb
    23 | D        | Reached XP level 19. HP: 168/168 MP: 0/0
    23 | D        | Learned a level 7 spell: Enfeeble
    24 | D        | Reached skill level 10 in Armour
    24 | D        | Noticed a large bag of meat
    25 | D        | Reached skill level 27 in Fighting
    25 | D        | Reached skill level 27 in Dodging
    25 | D        | Killed a meat berserker
    25 | D        | Killed a large bag of meat
    26 | D        | Reached XP level 20. HP: 163/181 MP: 0/0
    27 | D        | Noticed a meat berserker
    27 | D        | Noticed a destroyer
    27 | D        | Noticed a large bag of meat
    28 | D        | Noticed a meat berserker
    29 | D        | Noticed a meat berserker
    35 | D        | Reached XP level 21. HP: 170/187 MP: 0/0
    35 | D        | Learned a level 8 spell: Disjunction
    35 | D        | Killed a large bag of meat
    35 | D        | Noticed a meat berserker
    36 | D        | Reached skill level 27 in Armour
    38 | D        | Noticed The Servant
    39 | D        | Killed a meat berserker
    39 | D        | Killed a meat berserker
    39 | D        | Noticed a destroyer
    39 | D        | Noticed a destroyer
    39 | D        | Noticed a destroyer
    40 | D        | Reached skill level 27 in Throwing
    43 | D        | Reached XP level 22. HP: 194/194 MP: 0/0
    43 | D        | Noticed a destroyer
    44 | D        | Annihilated by a destroyer

Illustrated notes

Levels and vault maps discovered:
D:        meatsprint

Skill      XL: |  1  2  3  4  5  6  7  8  9 10 11 12 13 14 15 16 17 18 19 20 21 |
---------------+----------------------------------------------------------------+-----
Fighting       | 9 12 13 14 16 18 22 25 27 | 27.0
Axes           | 8 11 13 14 17 20 26 27 | 27.0
Throwing       | 3 4 5 7 8 18 23 27 | 27.0
Armour         | 2 3 4 5 8 9 21 26 27 | 27.0
Dodging        | 10 13 14 15 17 20 23 25 27 | 27.0
Spellcasting   | 15 20 22 24 26 27 | 27.0
Short Blades   | 7 |  7.1
Long Blades    | 7 |  7.1
Maces & Flails | 6 |  6.5
Polearms       | 6 |  6.5
Staves         | 7 |  7.1
Slings         | 6 |  6.5
Bows           | 6 |  6.5
Crossbows      | 6 |  6.5
Stealth        | 7 |  7.1
Shields        | 7 |  7.3
Unarmed Combat | 7 |  7.3
Invocations    | 7 |  7.3
Evocations     | 7 |  7.3

Action                   |  1- 3 |  4- 6 |  7- 9 | 10-12 | 13-15 | 16-18 | 19-21 | 22-24 || total
-------------------------+-------+-------+-------+-------+-------+-------+-------+-------++-------
Melee: Executioner's axe |     1 |       |       |     1 |     3 |     5 |     9 |       ||    19
 Cast: Blink             |       |       |       |       |       |     1 |       |       ||     1
  Use: Potion            |     1 |       |       |       |       |       |       |       ||     1
Dodge: Dodged            |     1 |       |       |       |       |       |     3 |       ||     4
